 Dungeon Crawl Stone Soup version 0.24.1-8-ga250c9d538 (webtiles) character file.

Game seed: 4721442127691303052, levelgen mode: deterministic

461 Hugehornet the Insei (level 7, -29/67 HPs)
             Began as an Octopode Transmuter on May 3, 2020.
             Annihilated by a komodo dragon (31 damage)
             ... on level 3 of the Dungeon.
             The game lasted 00:09:03 (4631 turns).

Hugehornet the Insei (Octopode Transmuter)          Turns: 4631, Time: 00:09:04

Health: -29/67     AC:  2    Str: 14    XL:     7   Next: 7%
Magic:  9/11       EV: 21    Int: 18    God:
Gold:   194        SH:  0    Dex: 17    Spells: 1/11 levels left

rFire    . . .     SeeInvis .     - Unarmed
rCold    . . .     Gourm    .   (shield currently unavailable)
rNeg     . . .     Faith    .   (helmet currently unavailable)
rPois    x         Spirit   .   f - amulet of inaccuracy (curse)
rElec    .         Reflect  .   (no ring)
rCorr    .         Harm     .   (no ring)
MR       .....                  (no ring)
Stlth    ..........             (no ring)
HPRegen  0.21/turn              (no ring)
MPRegen  0.12/turn              (no ring)
                                (no ring)
                                (no ring)

@: berserking, spider-form, very quick
A: tiny, almost no armour, stealthy swim, (amphibious), 8 rings, (constrict 8)
a: End Transformation


You were on level 3 of the Dungeon.
You were not hungry.
You were a venomous arachnid creature.
You visited 1 branch of the dungeon, and saw 3 of its levels.

You collected 194 gold pieces.

Inventory:

Missiles
 a - 50 arrows
Armour
 d - a +0 buckler
Jewellery
 f - a cursed amulet of inaccuracy (around neck)
Scrolls
 e - a scroll of magic mapping
 h - a scroll of fear
 k - 2 scrolls of teleportation {unknown}
 m - a scroll of fog
Potions
 b - a potion of resistance
 i - a potion of agility
 j - a potion of curing {unknown}
Comestibles
 c - 6 rations
 l - a chunk of flesh


   Skills:
 - Level 2.3 Fighting
 - Level 3.0 Dodging
 + Level 3.0 Stealth
 - Level 1.4 Shields
 * Level 4.4 Unarmed Combat
 + Level 2.7 Spellcasting
 * Level 3.8 Transmutations
 + Level 0.0 Ice Magic
 - Level 2.0 Poison Magic


You had one spell level left.
You knew the following spells:

 Your Spells              Type           Power        Failure   Level  Hunger
a - Beastly Appendage     Tmut           ###...       12%         1    #......
b - Sticks to Snakes      Tmut           ###.....     16%         2    ##.....
c - Spider Form           Tmut/Pois      ##........   34%         3    ###....
d - Ice Form              Ice/Tmut       #.......     78%         4    #####..

Your spell library contained the following spells:

 Spells                   Type           Power        Failure   Level  Hunger
 Blade Hands              Tmut           ###.......   85%         5    ######.


Dungeon Overview and Level Annotations

Branches:
Dungeon (3/15)

Altars:
Nemelex Xobeh

Annotations:
D:3 1 transporter


Innate Abilities, Weirdness & Mutations

You cannot wear most types of armour.
You are very stealthy in the water. (Stealth+)
((You are amphibious.))
You can wear up to eight rings at the same time.
((You can use your tentacles to constrict eight enemies at once.))
((Your skin changes colour to match your surroundings (Stealth+).))
((Your rubbery body absorbs attacks. (AC +1, EV +1)))


Message History

The komodo dragon is heavily wounded.
The komodo dragon barely misses you. The giant cockroach misses you.
The orc hits you with a +0 hand axe!
* * * LOW HITPOINT WARNING * * *
You hit the komodo dragon.
The komodo dragon looks as sick as possible!
The komodo dragon is heavily wounded.
The komodo dragon completely misses you.
The giant cockroach bites you.
* * * LOW HITPOINT WARNING * * *
You hit the komodo dragon but do no damage.
The komodo dragon looks as sick as possible!
The komodo dragon is heavily wounded.
The orc closely misses you. The komodo dragon bites you!
* * * LOW HITPOINT WARNING * * *
The giant cockroach closely misses you.
A red film seems to cover your vision as you go berserk!
You feel yourself moving faster!
You feel mighty! The orc misses you. The komodo dragon bites you!!
You die...

#...#.....+............# #
#...#.....########..#### #####
#...########...........## #....
##.## #..#########..# #.... #.#
#.##.......##.####.... #.#
#.#8.......8#.....)...
#.########.#)......)$#.########
#..........#.s.....$.#..#......
#.....##..©#.os.(..$_#©...#####
#.....###..#.l.....(.#...^# #..
#.##### ##.#.......($#....# #.#
#.# #.#8.......8#....# #.# ###.##
####.##)..©...##..#.# #.#
#....####.....#########...#.# #.#
#.......................#.#.###.#
#.....###....##########.#.#.#....
###'#.# #....# ##### #.#.#.#####


You could see a komodo dragon, an orc and a giant cockroach.

Vanquished Creatures
  Sigmund (D:2)
  A centaur (D:3)
  A gnoll shaman (D:3)
  Natasha (thrice) (D:2)
  3 gnolls (D:3)
  4 adders
  An ooze (D:1)
  2 worms (D:2)
  4 dart slugs (D:1)
  2 leopard geckos (D:2)
  An orc (D:3)
  3 bats
  2 giant cockroaches (D:1)
  6 goblins
  6 hobgoblins
  A quokka (D:3)
  A ball python (D:2)
  4 frilled lizards
  7 kobolds
  9 rats
62 creatures vanquished.

Notes
Turn   | Place    | Note
-------+----------+-------------------------------------------
     0 | D:1      | Hugehornet the Octopode Transmuter began the quest for the
                  | Orb.
     0 | D:1      | Reached XP level 1. HP: 13/13 MP: 3/3
   167 | D:1      | Reached XP level 2. HP: 18/18 MP: 3/5
   446 | D:1      | Learned a level 2 spell: Sticks to Snakes
   595 | D:1      | Reached skill level 1 in Stealth
   816 | D:1      | Reached XP level 3. HP: 23/23 MP: 4/6
  1393 | D:2      | Noticed Natasha
  1399 | D:2      | Learned a level 3 spell: Spider Form
  1829 | D:2      | Noticed Sigmund
  1853 | D:2      | Killed Sigmund
  1853 | D:2      | Reached skill level 1 in Poison Magic
  1853 | D:2      | Reached XP level 4. HP: 29/29 MP: 5/7
  1853 | D:2      | Reached XP level 5. HP: 34/34 MP: 5/8
  2549 | D:2      | Reached skill level 1 in Shields
  2550 | D:2      | Reached skill level 4 in Unarmed Combat
  2920 | D:2      | Reached XP level 6. HP: 29/39 MP: 7/9
  3115 | D:2      | Killed Natasha
  3307 | D:2      | Noticed Natasha
  3316 | D:2      | Killed Natasha
  3364 | D:2      | Noticed Natasha
  3369 | D:2      | Killed Natasha
  3645 | D:3      | Noticed a komodo dragon
  3646 | D:3      | Found a sparkling altar of Nemelex Xobeh.
  3652 | D:3      | Found a transporter.
  3730 | D:3      | Reached XP level 7. HP: 22/45 MP: 7/11
  3897 | D:3      | Learned a level 4 spell: Ice Form
  4217 | D:3      | Found a transporter.
  4630 | D:3      | HP: 1/45 [komodo dragon (7)]
  4631 | D:3      | Annihilated by a komodo dragon

Levels and vault maps discovered:
D:1:      dpeg_arrival_signposts, layout_rooms, serial_rivers,
          chequers_serial_rivers_small_b, chequers_serial_rivers_small_3,
          chequers_serial_rivers_micro_d, chequers_serial_rivers_room_a,
          chequers_serial_rivers_room_b, chequers_serial_rivers_micro_d,
          st_stairs_12, minmay_misc_feat_rugged, minmay_misc_feat_roman,
          chequers_serial_rivers_small_3, minmay_fountain_box
D:2:      layout_loops_corners, wander_ebering_terrifying_dragon_lair,
          uniq_sigmund, uniq_natasha
D:3:      layout_basic, gammafunk_temple_overflow_arena, serial_glass,
          glass_columns_b, glass_columns_b, glass_columns_a, glass_columns_a,
          glass_columns_a, glass_columns_a, glass_columns_a, glass_columns_a,
          first_ration

Skill      XL: |  1  2  3  4  5  6 |
---------------+-------------------+-----
Stealth        | 1 2 3 |  3.0
Transmutations | 3 |  3.8
Poison Magic   | 1 2 |  2.0
Shields        | 1 |  1.4
Unarmed Combat | 4 |  4.4
Fighting       | 2 |  2.3
Dodging        | 3 |  3.0
Spellcasting   | |  2.7

Action                   |  1- 3 |  4- 6 |  7- 9 || total
-------------------------+-------+-------+-------++-------
Melee: Unarmed           |    85 |    99 |    27 ||   211
       Constrict         |    15 |     8 |     2 ||    25
       Tentacles         |    15 |     6 |     1 ||    22
       Kick              |    12 |     8 |     1 ||    21
       Punch             |     1 |     1 |       ||     2
 Cast: Beastly Appendage |    20 |    11 |     5 ||    36
       Spider Form       |     1 |     7 |     1 ||     9
  Use: Scroll            |     2 |     2 |     3 ||     7
       Potion            |       |       |     1 ||     1
 Stab: Sleeping          |     4 |     5 |     3 ||    12
  Eat: Chunk             |     3 |     4 |     3 ||    10
       Ration            |       |     1 |       ||     1
Armor: Skin              |     3 |     3 |     1 ||     7
Dodge: Dodged            |    53 |    61 |    33 ||   147
